 Dungeon Crawl Stone Soup version 0.27.0-1-g7a089689b8 (webtiles) character file.

Game seed: 5180571635166976113

100096 EnegeticOcto the Severer (level 13, -1/119 (125) HPs)
             Began as a Minotaur Fighter on Aug 9, 2021.
             Was the Champion of Ru.
             Slain by a merfolk impaler (7 damage)
             ... on level 2 of the Shoals.
             The game lasted 00:14:07 (21180 turns).

EnegeticOcto the Severer (Minotaur Fighter)        Turns: 21180, Time: 00:14:07

HP:   -1/119 (125)  AC: 28    Str: 26    XL:     13   Next: 79%
MP:   12/12         EV:  8    Int:  5    God:    Ru [******]
Gold: 800           SH: 14    Dex: 10    Spells: 12/12 levels left

rFire    + . .     SeeInvis +   a - +1 war axe (flame)
rCold    . . .     Faith    .   c - +0 kite shield
rNeg     . . .     Spirit   .   N - +4 plate armour of Ugerusoh {rF+ SInv}
rPois    .         Reflect  .   p - +1 hat
rElec    .         Harm     .   u - +2 cloak {Will+}
rCorr    .         Rampage  .   i - +2 pair of gloves
Will     ++...                  (no boots)
Stlth    ..........             D - amulet of regeneration
HPRegen  1.29/turn              G - +4 ring of slaying
MPRegen  0.13/turn              r - ring of willpower

@: lethally poisoned (-1 -> -2), exhausted, spiked, unable to drink, lightly
drained
A: no potions, horns 2, inability to drink while threatened, no stealth, hated
by all, inability to train dodging, inexperienced 1, retaliatory headbutt
a: Renounce Religion, Draw Out Power, Power Leap, Apocalypse


You were on level 2 of the Shoals.
You worshipped Ru.
Ru was exalted by your worship.
You visited 4 branches of the dungeon, and saw 24 of its levels.
You visited 1 bazaar.
You also visited: Ice Cave.

You collected 1643 gold pieces.
You spent 843 gold pieces at shops.

Inventory:

Hand Weapons
 a - a +1 war axe of flaming (weapon)
Missiles
 v - 2 throwing nets (quivered)
Armour
 c - a +0 kite shield (worn)
 i - a +2 pair of gloves (worn)
 p - a +1 hat (worn)
 u - a +2 cloak of willpower (worn)
 L - a +2 chain mail of poison resistance
 M - the +1 pair of gloves of the Heron {-Tele rN+ Int+4}
   (You bought it in a shop in a bazaar)

   Int:       It affects your intelligence (+4).
   rN:        It protects you from negative energy.
   -Tele:     It prevents most forms of teleportation.
 N - the +4 plate armour of Ugerusoh (worn) {rF+ SInv}
   (You bought it in a shop in a bazaar)

   rF:        It protects you from fire.
   SInv:      It lets you see invisible.
Jewellery
 q - a ring of positive energy
 r - a ring of willpower (right hand)
 D - an amulet of regeneration (around neck)
 F - an amulet of reflection
 G - a +4 ring of slaying (left hand)
Wands
 h - a wand of charming (22)
 w - a wand of polymorph (17)
 y - a wand of iceblast (12) {@v2}
 I - a wand of paralysis (5)
 J - a wand of acid (5) {@v1}
 R - a wand of digging (8) {@v3}
Scrolls
 b - 2 scrolls of fog
 g - 2 scrolls of immolation
 j - 8 scrolls of teleportation {@r3}
 o - a scroll of brand weapon
 A - a scroll of fear
 B - 2 scrolls of blinking {@r4}
 K - 2 scrolls of enchant weapon
 O - 3 scrolls of magic mapping {@r5}
Potions
 d - 5 potions of might {@q3}
 e - 11 potions of curing {@q1}
 f - 2 potions of attraction
 k - 3 potions of mutation
 l - 4 potions of flight
 m - 2 potions of invisibility
 n - 4 potions of haste {@q4}
 s - 4 potions of heal wounds {@q2}
 t - 2 potions of resistance {@q5}
 x - 2 potions of degeneration
 z - 3 potions of lignification
 C - 5 potions of brilliance
 E - 2 potions of berserk rage
Miscellaneous
 H - a phial of floods


   Skills:
 * Level 14.6 Fighting
 * Level 19.3 Axes
 + Level 14.6 Armour
 + Level 14.6 Shields
 - Level 8.0 Evocations


You had 12 spell levels left.
You didn't know any spells.
Your spell library was empty.

Dungeon Overview and Level Annotations

Branches:
Dungeon (15/15)            Temple (0/1) D:5            Lair (5/6) D:11
 Shoals (2/4) Lair:2        Snake (0/4) Lair:2        Slime (0/5) Lair:5
    Orc (2/2) D:9             Elf (0/3) Orc:2        Vaults (0/5) D:14
 Depths (0/5) D:15          IceCv (visited)

Altars:
Cheibriados
Dithmenos
Elyvilon
Gozag
Hepliaklqana
Kikubaaqudgha
Nemelex Xobeh
Ru
Uskayaw
Yredelemnul
Zin
Jiyva

Shops:
Orc:1 *   Orc:2 =*[(

Annotations:
Lair:2 1 runed translucent door, Raspi's ghost, novice MiFi
Lair:4 exclusion: 2 oklob plants


Innate Abilities, Weirdness & Mutations

You cannot drink.
You have a pair of horns on your head.
You sometimes lose the ability to drink potions when taking damage.
You cannot be stealthy.
You are hated by all.
You cannot train Dodging skill.
You are somewhat inexperienced. (-2 XL)
You reflexively headbutt those who attack you in melee.


Message History

The barbed spikes become lodged in your body.
The merfolk impaler barely misses you. You block the merfolk impaler's attack.
You slash the merfolk impaler! You burn the merfolk impaler.
You kill the merfolk impaler!
You can drink potions again.
You feel extremely sick. You block the merfolk's attack.
The merfolk hits you but does no damage.
You block the merfolk's attack.
The merfolk impaler hits you from afar with a +1 trident of freezing!
The merfolk impaler freezes you.
You are too injured to fight recklessly!
You are too injured to fight recklessly!
You are too injured to fight recklessly!
You are too injured to fight recklessly!
You are too injured to fight recklessly!
You are too injured to fight recklessly!
You are too injured to fight recklessly!
You are too injured to fight recklessly!
You are too injured to fight recklessly!
The barbs in your skin will harm you if you move.
Continue?
Okay, then.
Aiming: Iceblast
Press: ? - help, Shift-Dir - straight line, f - merfolk
Aim: a merfolk, wielding a +0 trident The mass of ice explodes!
The iceblast engulfs the merfolk!
The merfolk is lightly wounded.
The iceblast engulfs the manticore!
The manticore is moderately wounded.
The iceblast engulfs the merfolk!!
You kill the merfolk!
You hear a splash.
The iceblast engulfs the merfolk!!
The merfolk is moderately wounded.
You feel very sick.
You hear a shout! x2
The merfolk hits you but does no damage.
You block the merfolk's attack. The wind drake bites you.
The merfolk impaler hits you from afar with a +1 trident of freezing!
You feel threatened and lose the ability to drink potions!
The merfolk impaler freezes you. You block the merfolk impaler's attack.
You block the manticore's attack.
The manticore claws you but does no damage. x2
Aiming: Iceblast
Press: ? - help, Shift-Dir - straight line, f/p - merfolk
Aim: a merfolk, wielding a +0 trident (lightly wounded)
The mass of ice explodes!
The iceblast engulfs the merfolk!
The merfolk is heavily wounded.
The iceblast engulfs the manticore!!
The manticore is severely wounded.
The iceblast engulfs the merfolk!
The merfolk is severely wounded.
You feel very sick.
You hear an angry hiss.
The wind drake exhales a fierce blast of wind!
You are blown backwards!
The merfolk impaler and the manticore are blown away by the wind.
You block the merfolk's attack. The merfolk barely misses you.
Aiming: Iceblast
Press: ? - help, Shift-Dir - straight line, f - merfolk, p - merfolk
Aim: a merfolk, wielding a +0 spear (heavily wounded)
The mass of ice explodes!
The iceblast engulfs the merfolk!!
You kill the merfolk!
You hear a splash.
The iceblast engulfs the wind drake!
The wind drake is moderately wounded.
The iceblast engulfs the merfolk!!
The merfolk is almost dead.
You feel very sick.
The merfolk hits you from afar with a +0 trident.
* * * LOW HITPOINT WARNING * * *
The wind drake bites you but does no damage.
The merfolk impaler hits you from afar with a +1 trident of freezing!!
* * * LOW HITPOINT WARNING * * *
The merfolk impaler freezes you.
* * * LOW HITPOINT WARNING * * *
You focus your inner power and blind the merfolk impaler in retribution!
You cannot drink potions in your current state!
You're too exhausted to draw out your power.
As you read the scroll of fear, it crumbles to dust.
You assume a fearsome visage.
The merfolk looks frightened!
The merfolk impaler looks frightened!
The wind drake looks frightened!
The manticore looks frightened!
You feel very sick.
You catch the helpless merfolk impaler completely off-guard!
You slice the merfolk impaler!! You burn the merfolk impaler.
Your attack snaps the merfolk impaler out of its fear.
Your headbutt misses the merfolk impaler.
The merfolk impaler is heavily wounded.
You feel sick.
A sea snake comes into view.
You block the merfolk impaler's attack.
The sea snake hisses angrily.
You slice the merfolk impaler!! You burn the merfolk impaler.
Your headbutt misses the merfolk impaler.
The merfolk impaler is almost dead.
You feel sick.
A merfolk impaler comes into view. It is wielding a +6 vampiric trident.
The merfolk impaler hits you with a +1 trident of freezing!
You die...

..≈.........###..# ≈≈.
.....>##.≈≈.....# ≈≈.
##.......≈.≈≈..# # ≈≈..
#...........≈.#####
≈≈≈≈.
#....?##.≈.≈......
≈≈..##.....(#≈≈......≈≈
≈.m.........(≈≈≈≈≈≈≈≈≈
#m....(.$.≈≈≈≈≈≈≈≈≈
#.@..k≈...≈≈≈≈≈≈≈≈≈
#.≈≈.)≈≈≈)≈≈≈≈≈≈≈≈≈≈
##≈≈)≈≈≈≈≈≈≈≈≈≈≈≈≈≈≈
##H≈≈≈≈≈≈≈≈≈≈≈≈≈≈≈≈
#S≈≈≈≈≈≈≈≈≈≈≈≈≈≈≈≈
≈≈≈≈≈≈..≈≈≈≈≈≈≈≈≈≈
.≈≈≈≈≈≈.m.≈≈≈..≈..≈
.≈≈≈≈≈≈≈≈≈≈≈≈≈....


You could see 2 merfolk impalers, a sea snake, a wind drake (repels missiles,
fleeing, corona), a merfolk (fleeing) and a manticore (fleeing).

Vanquished Creatures
  Frances (D:14)
  An orc warlord (Orc:2)
  A frost giant (IceCv)
  A merfolk impaler (Shoals:2)
  2 ettins
  3 rakshasas (D:15)
  4 hydras
  4 boulder beetles
  The ghost of MoonlitKnight the Fighter, a novice MiBe of Trog (D:8)
  A merfolk aquamancer (Shoals:1)
  An ogre mage (D:15)
  4 centaur warriors
  7 two-headed ogres
  Erica (Lair:1)
  9 death yaks (IceCv)
  4 orc high priests (Orc:2)
  A tengu warrior (D:13)
  9 skeletal warriors (D:15)
  A sea snake (Shoals:2)
  A glowing orange brain (shapeshifter) (D:15)
  A glowing orange brain (D:15)
  A wizard (D:14)
  A lindwurm (Lair:5)
  4 orc knights (Orc:2)
  Pikel (D:8)
  A deep elf pyromancer (D:14)
  16 slime creatures
  3 orc sorcerers
  15 ugly things
  2 fauns
  4 manticores
  7 cyclopes
  3 merfolk sirens
  Joseph (Lair:1)
  4 black mambas (Lair:5)
  2 ice statues
  A cane toad (shapeshifter) (D:15)
  5 kobold demonologists
  Maggie (D:7)
  Psyche (D:10)
  9 cane toads
  6 rime drakes
  An ice devil (Lair:3)
  3 komodo dragons
  A tengu conjurer (D:13)
  A meliai (shapeshifter) (D:13)
  7 trolls
  3 merfolk
  A hornet (shapeshifter) (D:14)
  2 snapping turtles
  8 polar bears
  4 dream sheep (Shoals:2)
  8 blink frogs
  Sigmund (D:6)
  A centaur simulacrum (D:12)
  A shadow (D:10)
  4 wyverns
  A vampire (D:14)
  60 yaks
  3 fire bats (Orc:2)
  4 water elementals
  3 basilisks
  2 vampire mosquitoes (D:15)
  Grum (D:8)
  Menkaure (D:6)
  3 steam dragons
  A naga (Lair:2)
  5 wargs
  2 acid dragons
  14 water moccasins
  2 sky beasts
  3 necrophages
  28 orc warriors
  8 ice beasts
  6 black bears
  18 centaurs
  10 wolves
  11 ogres
  4 lemures (D:8)
  2 phantoms
  2 kobold brigands
  11 bullfrogs
  8 scorpions
  A water moccasin zombie (D:5)
  8 killer bees
  4 howler monkeys
  4 electric eels (D:11)
  A bullfrog zombie (D:6)
  2 centaur zombies
  A gnoll shaman (D:8)
  26 orc priests
  3 hounds
  3 jellies
  3 iguanas
  Jessica (D:2)
  43 orc wizards
  A hound skeleton (D:4)
  A howler monkey skeleton (D:5)
  5 gnolls (D:8)
  15 adders
  2 white imps
  2 dart slugs
  76 orcs
  8 endoplasms
  2 giant cockroaches
  6 hobgoblins
  4 quokkas
  4 ball pythons
  8 bats
  5 goblins (D:2)
  15 kobolds
  4 rats
663 creatures vanquished.

Vanquished Creatures (others)
  A skeletal warrior (D:15)
  A wizard (D:14)
  An orc sorcerer (Orc:2)
  A merfolk (Shoals:1)
  A slime creature (D:14)
  2 yaks (D:9)
  An orc warrior (D:10)
  A bullfrog (Lair:5)
  An orc wizard (Orc:1)
  2 orcs
  16 fungi
  25 plants
53 creatures vanquished.

Grand Total: 716 creatures vanquished

Notes
Turn   | Place    | Note
-------+----------+-------------------------------------------
     0 | D:1      | EnegeticOcto the Minotaur Fighter began the quest for the
                  | Orb.
     0 | D:1      | Reached XP level 1. HP: 19/19 MP: 0/0
   191 | D:1      | Found a faded altar of an unknown god.
   195 | D:1      | Reached XP level 2. HP: 27/27 MP: 1/1
   199 | D:1      | Became a worshipper of Ru the Awakened
   212 | D:1      | Gained mutation: You cannot train Dodging skill. [Ru
                  | sacrifice]
   212 | D:1      | Reached * piety under Ru
   568 | D:1      | Reached skill level 3 in Axes
   619 | D:2      | Reached XP level 3. HP: 28/33 MP: 2/2
   868 | D:2      | Reached XP level 4. HP: 31/40 MP: 3/3
  1114 | D:2      | Noticed a scorpion
  1122 | D:2      | Killed a scorpion
  1123 | D:2      | Reached skill level 4 in Axes
  1406 | D:2      | Reached XP level 5. HP: 43/47 MP: 4/4
  1441 | D:2      | Noticed Jessica
  1447 | D:2      | Killed Jessica
  2212 | D:3      | Gained mutation: You sometimes lose the ability to drink
                  | potions when taking damage. [Ru sacrifice]
  2212 | D:3      | Reached ** piety under Ru
  2441 | D:4      | Noticed a black bear
  2444 | D:4      | Killed a black bear
  2445 | D:4      | Reached skill level 5 in Axes
  2445 | D:4      | Reached skill level 5 in Armour
  2445 | D:4      | Reached XP level 6. HP: 55/55 MP: 5/5
  2606 | D:4      | Reached skill level 5 in Fighting
  2606 | D:4      | Reached skill level 5 in Shields
  2996 | D:4      | Reached skill level 6 in Axes
  3071 | D:4      | Found a glowing silver altar of Zin.
  3326 | D:4      | Reached XP level 7. HP: 57/61 MP: 6/6
  3451 | D:5      | Entered Level 5 of the Dungeon
  3828 | D:5      | Reached skill level 7 in Axes
  4123 | D:5      | Reached XP level 8. HP: 70/70 MP: 7/7
  4290 | D:5      | Found a staircase to the Ecumenical Temple.
  4559 | D:6      | Gained mutation: You are hated by all. [Ru sacrifice]
  4559 | D:6      | Reached *** piety under Ru
  4559 | D:6      | Reached **** piety under Ru
  4589 | D:6      | Reached skill level 8 in Axes
  4765 | D:6      | Noticed Menkaure
  4899 | D:6      | Killed Menkaure
  5189 | D:6      | Reached skill level 9 in Axes
  5567 | D:6      | Found a sparkling altar of Nemelex Xobeh.
  5567 | D:6      | Found a hide-covered altar of Uskayaw.
  5606 | D:6      | Noticed Sigmund
  5616 | D:6      | Killed Sigmund
  5617 | D:6      | Reached XP level 9. HP: 79/79 MP: 8/8
  5756 | D:7      | Found an ancient bone altar of Kikubaaqudgha.
  5760 | D:7      | Noticed Maggie
  5775 | D:7      | Killed Maggie
  5886 | D:7      | Found a white marble altar of Elyvilon.
  5921 | D:7      | Reached skill level 10 in Axes
  6290 | D:7      | Found a snail-covered altar of Cheibriados.
  6753 | D:8      | Found an opulent altar of Gozag.
  6754 | D:8      | Noticed a purple ugly thing
  6771 | D:8      | Killed a purple ugly thing
  6772 | D:8      | Reached skill level 11 in Axes
  6772 | D:8      | Reached XP level 10. HP: 63/90 MP: 9/9
  7020 | D:8      | Gained mutation: You are somewhat inexperienced. (-2 XL)
                  | [Ru sacrifice]
  7020 | D:8      | Reached XP level 9. HP: 82/82 MP: 8/8
  7020 | D:8      | Reached XP level 8. HP: 75/75 MP: 7/7
  7020 | D:8      | Reached ***** piety under Ru
  7253 | D:8      | Noticed MoonlitKnight's ghost (novice MiBe)
  7256 | D:8      | Found a runed translucent gate.
  7256 | D:8      | Found a runed translucent gate.
  7256 | D:8      | Found a runed translucent gate.
  7327 | D:8      | Noticed Grum
  7337 | D:8      | Killed Grum
  7430 | D:8      | Noticed Pikel
  7444 | D:8      | Killed Pikel
  7761 | D:8      | Killed MoonlitKnight's ghost
  7762 | D:8      | Reached skill level 12 in Axes
  8134 | D:9      | Found a staircase to the Orcish Mines.
  8214 | D:9      | Identified the +3 ring mail of the Game Afoot {Dex+4}
  8752 | D:10     | Entered Level 10 of the Dungeon
  8760 | D:10     | Reached XP level 9. HP: 56/85 MP: 8/8
  8771 | D:10     | Reached skill level 10 in Armour
  8781 | D:10     | Gained mutation: You cannot be stealthy. [Ru sacrifice]
  8781 | D:10     | Reached ****** piety under Ru
  8813 | D:10     | Reached skill level 10 in Fighting
  8813 | D:10     | Reached skill level 10 in Shields
  8879 | D:10     | Noticed Psyche
  8882 | D:10     | Reached skill level 13 in Axes
  8890 | D:10     | Killed Psyche
  9735 | D:11     | Found a staircase to the Lair.
 10063 | D:11     | Noticed a soul eater
 10064 | D:11     | Noticed a sun demon
 10065 | D:11     | Reached skill level 1 in Evocations
 10070 | D:11     | Reached skill level 14 in Axes
 10244 | Orc:1    | Entered Level 1 of the Orcish Mines
 10299 | Orc:1    | Noticed an ettin
 10308 | Orc:1    | Killed an ettin
 10314 | Orc:1    | Reached XP level 10. HP: 84/94 MP: 9/9
 10480 | Orc:2    | Entered Level 2 of the Orcish Mines
 10633 | Orc:2    | Found a gateway to a bazaar.
 10861 | Orc:2    | Noticed an ettin
 10866 | Orc:2    | Killed an ettin
 10921 | Orc:2    | Found a staircase to the Elven Halls.
 10949 | Orc:2    | Noticed an orc high priest
 10965 | Orc:2    | Killed an orc high priest
 10979 | Orc:2    | Noticed an orc high priest
 10991 | Orc:2    | Killed an orc high priest
 11029 | Orc:2    | Reached skill level 15 in Axes
 11101 | Orc:2    | Noticed an orc warlord
 11126 | Orc:2    | Killed an orc warlord
 11213 | Orc:2    | Noticed an orc high priest
 11218 | Orc:2    | Noticed an orc high priest
 11221 | Orc:2    | Killed an orc high priest
 11228 | Orc:2    | Killed an orc high priest
 11464 | Orc:2    | Found Koicogahy's Antique Armour Shoppe.
 11465 | Orc:2    | Found Tover's Antique Weapon Shoppe.
 11467 | Orc:2    | Found Repsarphye's General Store.
 11467 | Orc:2    | Found Umick's Jewellery Emporium.
 11791 | Bazaar   | Entered a bazaar
 11791 | Bazaar   | Found Mebiuzo's Magic Scroll Shop.
 11791 | Bazaar   | Found Penonoeritz's Antique Armour Shop.
 11798 | Bazaar   | Bought a pair of translucent gloves for 199 gold pieces
 11798 | Bazaar   | Identified the +1 pair of gloves of the Heron {-Tele rN+
                  | Int+4} (You bought it in a shop in a bazaar)
 11798 | Bazaar   | Bought a jewelled plate armour for 588 gold pieces
 11798 | Bazaar   | Identified the +4 plate armour of Ugerusoh {rF+ SInv} (You
                  | bought it in a shop in a bazaar)
 11819 | Bazaar   | Found Nabef Biu's Jewellery Emporium.
 11832 | Bazaar   | Found Bimaymen's General Store.
 11851 | Bazaar   | Found Eqifot's Antique Weapon Emporium.
 11874 | Bazaar   | Bought a scroll of magic mapping for 56 gold pieces
 11923 | Orc:1    | Reached XP level 11. HP: 70/94 MP: 1/10
 12069 | Orc:1    | Found Huacwy's Assorted Antiques.
 12347 | Lair:1   | Entered Level 1 of the Lair of Beasts
 12424 | Lair:1   | Noticed Joseph
 12432 | Lair:1   | Killed Joseph
 12595 | Lair:1   | Noticed Erica
 12603 | Lair:1   | Killed Erica
 13122 | Lair:2   | Reached skill level 16 in Axes
 13181 | Lair:2   | Found a staircase to the Snake Pit.
 13356 | Lair:2   | Reached skill level 5 in Evocations
 13449 | Lair:2   | Found a runed translucent door.
 13450 | Lair:2   | Noticed Raspi's ghost (novice MiFi)
 13456 | Lair:2   | Found a staircase to the Shoals.
 15386 | Lair:5   | Reached skill level 17 in Axes
 15488 | Lair:5   | Reached XP level 12. HP: 107/113 MP: 11/11
 15749 | Lair:5   | Found a staircase to the Slime Pits.
 16079 | D:12     | Found a frozen archway.
 16096 | IceCv    | Entered an ice cave
 16487 | IceCv    | Noticed a frost giant
 16498 | IceCv    | Killed a frost giant
 17586 | D:13     | Reached skill level 18 in Axes
 18801 | D:14     | Noticed Frances
 18821 | D:14     | Killed Frances
 19017 | D:14     | Found a gate to the Vaults.
 19078 | D:14     | Found a shadowy altar of Dithmenos.
 19080 | D:14     | Reached XP level 13. HP: 123/123 MP: 12/12
 19309 | D:14     | Paralysed by a hornet for 3 turns
 19771 | D:15     | Entered Level 15 of the Dungeon
 19988 | D:15     | Found a staircase to the Depths.
 20161 | D:15     | Reached skill level 19 in Axes
 20930 | Shoals:1 | Entered Level 1 of the Shoals
 21180 | Shoals:2 | Slain by a merfolk impaler

Illustrated notes

Levels and vault maps discovered:
D:1:      minmay_arrival_three_doors, layout_rooms,
          hellmonk_ecumenical_altar_slurped_away, minmay_misc_feat_five
D:2:      layout_basic, kennysheep_jessica_study
D:3:      layout_rooms, minmay_misc_feat_cross
D:4:      layout_gridville, lemuel_round_altar
D:5:      kennysheep_six_static_rooms, layout_basic, temple_hall
D:6:      layout_basic, gammafunk_temple_overflow_elements, minmay_starry_boxes,
          uniq_menkaure, uniq_sigmund
D:7:      layout_rooms, kennysheep_ying_yang, kennysheep_slug_shrine,
          lemuel_doored_altar, uniq_maggie
D:8:      layout_loops_corners, mainiacjoe_overflow_24_doors,
          mainiacjoe_overflow_paths, ebering_ghost_rock_garden, uniq_pikel,
          uniq_grum
D:9:      layout_grid_maze, orc_0_dummy
D:10:     layout_small_grid, uniq_psyche
D:11:     layout_basic, grunt_lair_entry_orc_guard_hut
D:12:     layout_loops_corners, portal_ice_cave_entry_pillars_2
D:13:     layout_layer_cave
D:14:     layout_roguey, david_vaults_1, nicolae_dithmenos_the_darkroom,
          water_maze_lemuel, uniq_frances
D:15:     gammafunk_enter_depths_forms, layout_long_grid,
          minmay_tree_intersection, grunt_ministairs_14, drop_trap
Lair:1:   layout_gridlike, serial_bayou_shore_b, uniq_joseph, uniq_erica
Lair:2:   layout_misc_corridors, elwin_shoals_entry_rocks,
          guppyfry_snake_entry_island, ebering_ghost_inner_flame
Lair:3:   layout_chaotic_city, ice2_lemuel, lemuel_fruit_tree
Lair:4:   layout_roguey, st_stairs_7, minmay_lair_oklob_chamber
Lair:5:   layout_small_grid, dpeg_slime_entry_enclosed_altar,
          hibernation_bobbens, infiniplex_staircase_pool, grunt_megastairs_2
Shoals:1: layout_shoals, nicolae_shoals_lost_giant_baths
Shoals:2: layout_shoals
Orc:1:    layout_caves, serial_shops, nicolae_shop_overgrown_old_shop
Orc:2:    st_orc_congregation, layout_diamond_mine,
          nicolae_volcano_entry_batcave, serial_shops, bzr_entry_islet

Skill      XL: |  1  2  3  4  5  6  7  8  9 10 11 12 13 |
---------------+----------------------------------------+-----
Axes           | 3 4 5 6 7 12 14 15 17 18 19 | 19.3
Fighting       | 4 5 6 9 10 12 13 14 | 14.6
Armour         | 4 5 6 9 11 12 13 14 | 14.6
Shields        | 4 5 6 9 10 11 12 13 14 | 14.6
Evocations     | 2 4 6 7 8 |  8.0

Action                   |  1- 3 |  4- 6 |  7- 9 | 10-12 | 13-15 || total
-------------------------+-------+-------+-------+-------+-------++-------
Melee: War axe           |    67 |   100 |   515 |   860 |   315 ||  1857
       Headbutt          |     5 |    25 |   151 |   238 |    79 ||   498
Invok: Sacrifice Nimblen |     1 |       |       |       |       ||     1
       Sacrifice Drink   |       |     1 |       |       |       ||     1
       Draw Out Power    |       |       |     9 |     4 |     5 ||    18
       Sacrifice Love    |       |       |     1 |       |       ||     1
       Sacrifice Experie |       |       |     1 |       |       ||     1
       Sacrifice Stealth |       |       |     1 |       |       ||     1
       Apocalypse        |       |       |       |     5 |       ||     5
Evoke: Wand              |       |       |     6 |     2 |     3 ||    11
  Use: Scroll            |       |     5 |    11 |     7 |     5 ||    28
       Potion            |       |       |     1 |     2 |       ||     3
 Stab: Distracted        |       |     1 |     5 |     4 |       ||    10
       Invisible         |       |       |    10 |     6 |     2 ||    18
       Paralysed         |       |       |     5 |    13 |     2 ||    20
       Petrified         |       |       |       |     2 |       ||     2
Armor: Scale mail        |    35 |    43 |    60 |       |       ||   138
       Chain mail        |       |       |   155 |    52 |       ||   207
       Plate armour      |       |       |       |   211 |   110 ||   321
Dodge: Dodged            |    29 |    26 |   112 |   124 |    68 ||   359
Block: Kite shield       |    44 |    45 |   312 |   361 |   172 ||   934
